 Dungeon Crawl Stone Soup version 0.26.1-11-gd32895ea62 (webtiles) character file.

Game seed: 4118458082857498227

93 Zeld the Digger (level 4, 0/24 HPs)
             Began as a Gargoyle Earth Elementalist on Sept 2, 2021.
             Killed from afar by an orc wizard (6 damage)
             ... with a puff of flame
             ... on level 3 of the Dungeon.
             The game lasted 00:03:10 (2479 turns).

Zeld the Digger (Gargoyle Earth Elementalist)       Turns: 2479, Time: 00:03:11

Health: 0/24       AC:  6    Str: 12    XL:     4   Next: 61%
Magic:  4/8        EV: 12    Int: 16    God:
Gold:   158        SH:  0    Dex: 10    Spells: 3/9 levels left

rFire    . . .     SeeInvis .   (no weapon)
rCold    . . .     Faith    .   (no shield)
rNeg     + . .     Spirit   .   c - +0 robe
rPois    ∞         Reflect  .   (no helmet)
rElec    +         Harm     .   (no cloak)
rCorr    .         Rampage  .   (no gloves)
Will     .....                  j - +0 pair of boots
Stlth    ++........             (no amulet)
HPRegen  0.08/turn              (no ring)
MPRegen  0.11/turn              (no ring)

@: no status effects
A: negative energy resistance 1, electricity resistance, unbreathing,
petrification resistance, miasma immunity, AC +3
a: no special abilities


You were on level 3 of the Dungeon.
You visited 1 branch of the dungeon, and saw 3 of its levels.

You collected 158 gold pieces.

Inventory:

Missiles
 b - 104 stones (quivered)
Armour
 c - a +0 robe (worn)
 j - a +0 pair of boots (worn)
Jewellery
 n - an uncursed ring of protection from fire {unknown}
 o - an uncursed ring of magical power {unknown}
Scrolls
 a - a scroll of remove curse {unknown}
 d - 4 scrolls of enchant armour {unknown}
 e - 3 scrolls of identify {unknown}
 k - a scroll of teleportation {unknown}
 l - a scroll of enchant weapon {unknown}
 m - a scroll of magic mapping {unknown}
 p - a scroll of fear {unknown}
Potions
 f - 2 potions of cancellation {unknown}
 g - a potion of flight {unknown}
 h - a potion of haste {unknown}
 i - a potion of heal wounds {unknown}


   Skills:
 + Level 1.1 Armour
 + Level 1.8 Dodging
 + Level 2.6 Stealth
 * Level 3.0 Spellcasting
 + Level 0.4 Conjurations
 - Level 1.0 Transmutations
 * Level 4.6 Earth Magic


You had 3 spell levels left.
You knew the following spells:

 Your Spells              Type           Power        Failure   Level
a - Sandblast             Erth           34%          2%          1
b - Passwall              Tmut/Erth      9%           9%          2
c - Stone Arrow           Conj/Erth      20%          21%         3

Your spell library contained the following spells:

 Spells                   Type           Power        Failure   Level
 Petrify                  Tmut/Erth      11%          52%         4
 Lee's Rapid Deconstruct  Erth           8%           61%         5


Dungeon Overview and Level Annotations

Branches:
Dungeon (3/15)

Altars:
Fedhas
Hepliaklqana

Annotations:
D:3 1 transporter


Innate Abilities, Weirdness & Mutations

You are resistant to torment.
Your stone body is resilient. (AC +3)
You are immune to poison.
You resist negative energy. (rN+)
You are resistant to electric shocks. (rElec)
You can survive without breathing.
You are immune to petrification.
You are immune to miasma.


Message History

b - 105 stones The orc completely misses you.
The orc wizard barely misses you.
The orc wizard points at you and mumbles some strange words.
You resist with some effort.
The orc wizard gestures at itself while chanting.
The orc wizard flickers and vanishes!
Deactivating autopickup; reactivate with Ctrl-A.
Things that are here:
a +0 dagger of venom; an orc corpse
Casting: Sandblast (safe; 2% risk of failure)
Confirm with . or Enter, or press ? or * to list all spells.
Aiming: Sandblast (safe; 2% risk of failure)
Press: ? - help, Shift-Dir - straight line, f - orc
Aim: an orc, wielding a +0 flail (21% to evade)
The blast of sand hits the orc!
You kill the orc!
b - 104 stones A puff of flame appears from out of thin air!
The puff of flame hits you.
You die...

..≈≈≈....###'##.#.#..#.#
≈≈≈≈≈≈≈..###.##...#..#.#
≈≈≈≈≈≈≈≈..##>#.......#.#
≈≈≈≈≈≈≈≈≈.#...)).....#.#
≈≈P>♣≈≈≈≈...##)#######
≈♣♣♣.P≈≈≈≈..##.#
♣_..≈≈≈≈.###)#
...PP≈≈≈≈.# #.#
≈.<.≈≈≈≈.@###.#
≈≈≈≈≈≈≈≈....{.#
≈≈≈≈≈≈...###.#
≈≈≈≈≈..### #.# ≈≈...#
#.# ...## #.# ### #..
#.# ###


There were no monsters in sight!

Vanquished Creatures
  2 adders (D:3)
  An ooze (D:1)
  3 worms
  2 dart slugs
  5 orcs (D:3)
  7 bats
  3 giant cockroaches
  6 goblins
  7 hobgoblins
  7 kobolds
  2 quokkas
  A ball python (D:3)
  3 frilled lizards
  6 rats
55 creatures vanquished.

Vanquished Creatures (others)
  3 plants (D:3)
3 creatures vanquished.

Grand Total: 58 creatures vanquished

Notes
Turn   | Place    | Note
-------+----------+-------------------------------------------
     0 | D:1      | Zeld the Gargoyle Earth Elementalist began the quest for
                  | the Orb.
     0 | D:1      | Reached XP level 1. HP: 10/10 MP: 3/3
   195 | D:1      | Reached XP level 2. HP: 13/15 MP: 1/5
   198 | D:1      | Learned a level 2 spell: Passwall
   695 | D:1      | Reached skill level 1 in Transmutations
   917 | D:1      | Reached skill level 4 in Earth Magic
  1138 | D:2      | Reached XP level 3. HP: 19/19 MP: 4/6
  1158 | D:2      | Learned a level 3 spell: Stone Arrow
  1601 | D:2      | Reached skill level 1 in Armour
  1928 | D:3      | Reached XP level 4. HP: 24/24 MP: 5/8
  2258 | D:3      | Found a transporter.
  2259 | D:3      | Noticed a sky beast
  2260 | D:3      | Found a hazy altar of Hepliaklqana.
  2261 | D:3      | Noticed an orc warrior
  2347 | D:3      | Found a blossoming altar of Fedhas.
  2479 | D:3      | Killed from afar by an orc wizard

Illustrated notes

Levels and vault maps discovered:
D:1:      ebering_trefoil_3fold, layout_loops_corners
D:2:      layout_rooms
D:3:      layout_basic, gammafunk_temple_overflow_arena, fedhas_ov_isle_minmay

Skill      XL: |  1  2  3  4 |
---------------+-------------+-----
Transmutations | 1 |  1.0
Earth Magic    | 4 |  4.6
Armour         | 1 |  1.1
Spellcasting   | 3 |  3.0
Dodging        | |  1.8
Stealth        | |  2.6
Conjurations   | |  0.4

Action                   |  1- 3 |  4- 6 || total
-------------------------+-------+-------++-------
Melee: Unarmed           |    24 |     1 ||    25
 Cast: Sandblast         |    57 |    27 ||    84
 Stab: Sleeping          |     1 |       ||     1
Armor: Robe              |    24 |     4 ||    28
Dodge: Dodged            |    44 |    20 ||    64
